AoeStats
← AOKI_GworK

Arena

508083628Analyzed
4v4 RM · 11d ago on Sep 20, 2026· 48m 44s· 8 players
Game mode
Random Map
Map size
Large (8 player)
Population
200
Speed
Normal
Resources
Standard
Victory
Conquest
Starting age
Dark Age
Ending age
Imperial Age
RankedLock teamsTeams togetherTeam positionsShared explorationLock speedFull tech treeHidden civsTurbo modeCheats
Victory
Defeat
🇹🇷 Byzantines · Türkiye
1952
+7
🇦🇺 Wu · Australia
1893
+9
🇷🇺 Maya · Russia
1886
+9
🇧🇷 Armenians · Brazil
1870
+10
🇫🇷 Gurjaras · France
1778
-10
🇫🇷 Khmer · France
1775
-9
🇫🇷 Tupi · France
1730
-9
🇫🇷 Bengalis · France
1663
-7
APZz_
9:54 Feudal Age
13:34 Castle Age
11:20 Horse Collar
11:31 Double-Bit Axe
11:53 Horse Collar
12:44 Gold Mining
15:45 Bow Saw
17:16 Sanctity
19:13 Redemption
26:25 Heavy Plow
26:13 Loom
28:52 Wheelbarrow
29:30 Gold Shaft Mining
28:45 Stone Mining
30:28 Hand Cart
30:26 Town Watch
33:40 Imperial Age
31:42 Fletching
33:32 Bodkin Arrow
33:57 Ballistics
34:25 Coinage
33:56 Caravan
34:57 Theocracy
34:39 Block Printing
34:50 Illumination
35:25 Conscription
35:10 Bracer
36:11 Chemistry
35:26 Fervor
36:57 Banking
36:38 Guilds
36:44 Masonry
36:30 Murder Holes
38:10 Padded Archer Armor
38:10 Scale Mail Armor
38:23 Forging
40:26 Chain Mail Armor
40:46 Iron Casting
41:45 Plate Mail Armor
43:36 Blast Furnace
44:49 Pikeman
45:30 Squires
45:42 Halberdier
Honda
10:07 Feudal Age
13:53 Castle Age
12:03 Double-Bit Axe
13:10 Horse Collar
14:48 Bow Saw
22:54 Wheelbarrow
22:28 Heavy Plow
22:27 Loom
27:34 Imperial Age
25:13 Scale Mail Armor
25:24 Forging
24:55 Pikeman
25:36 Squires
25:21 Arson
26:42 Ballistics
27:06 Chain Mail Armor
27:26 Iron Casting
27:31 Gambesons
27:48 Stone Mining
27:48 Gold Mining
27:51 Halberdier
29:36 Chemistry
30:33 Plate Mail Armor
29:54 Fletching
31:00 Padded Archer Armor
31:39 Man-at-Arms
32:20 Long Swordsman
33:05 Two-Handed Swordsman
34:06 Champion
38:40 Scale Barding Armor
39:57 Chain Barding Armor
39:38 Husbandry
38:59 Heavy Camel Rider
44:21 Logistica
44:50 Conscription
45:54 Plate Barding Armor
46:08 Hand Cart
47:22 Light Cavalry
0653599
10:53 Feudal Age
11:28 Double-Bit Axe
11:45 Horse Collar
14:40 Castle Age
13:14 Double-Bit Axe
14:49 Light Cavalry
15:57 Heavy Plow
18:11 Bow Saw
18:10 Loom
21:40 Bloodlines
21:38 Scale Barding Armor
23:11 Wheelbarrow
23:08 Husbandry
24:42 Hand Cart
24:47 Gold Mining
25:57 Chain Barding Armor
28:31 Gold Shaft Mining
28:28 Forging
28:24 Stone Mining
29:26 Town Watch
32:18 Imperial Age
30:38 Iron Casting
30:49 Stone Mining
32:13 Treadmill Crane
32:20 Heavy Hei Guang Cavalry
33:36 Plate Barding Armor
34:08 Blast Furnace
34:23 Two-Man Saw
33:59 Stone Shaft Mining
32:51 Hussar
35:03 Conscription
35:40 Sitting Tiger
39:22 Scale Mail Armor
39:00 Pikeman
39:40 Squires
39:27 Arson
40:04 Halberdier
41:18 Chain Mail Armor
42:45 Plate Mail Armor
44:04 Chemistry
43:57 Coinage
Eugenius
10:49 Feudal Age
9:05 Loom
10:53 Feudal Age
15:28 Wheelbarrow
18:50 Castle Age
16:55 Double-Bit Axe
17:01 Horse Collar
21:42 Bow Saw
26:36 Heavy Plow
27:46 Hand Cart
28:18 Gold Mining
28:19 Stone Mining
32:17 Imperial Age
30:23 Fletching
30:33 Padded Archer Armor
30:57 Ballistics
31:18 Scale Mail Armor
31:31 Forging
31:51 Town Watch
32:23 Chain Mail Armor
32:07 Eagle Warrior
32:33 Arson
32:48 Squires
32:34 Treadmill Crane
34:06 Two-Man Saw
33:00 Elite Eagle Warrior
34:17 Conscription
34:44 Bodkin Arrow
35:20 Plate Mail Armor
36:35 Iron Casting
36:50 Holcans
38:47 Blast Furnace
37:48 Bracer
38:04 Guilds
40:15 Padded Archer Armor
41:56 Elite Plumed Archer
43:38 Chemistry
42:49 Masonry
42:46 Thumb Ring
45:15 Leather Archer Armor
46:06 Crop Rotation
47:14 Ring Archer Armor
47:57 Spies/Treason
48:40 Sappers
AOKI_GworK
5:41 Loom
8:35 Feudal Age
9:03 Horse Collar
9:11 Double-Bit Axe
17:49 Wheelbarrow
20:47 Castle Age
18:49 Horse Collar
21:41 Bow Saw
21:39 Town Watch
24:49 Gold Mining
25:57 Heavy Plow
28:03 Hand Cart
28:26 Stone Mining
29:12 Gold Shaft Mining
32:30 Imperial Age
30:27 Scale Mail Armor
31:05 Pikeman
31:46 Squires
32:04 Chain Mail Armor
31:56 Arson
31:49 Champi Runner
33:12 Forging
32:55 Champi Warrior
34:06 Plate Mail Armor
33:56 Caciques
35:10 Iron Casting
34:13 Elite Champi Warrior
38:14 Iron Casting
AOKI_Gryphon
10:35 Feudal Age
12:02 Horse Collar
12:18 Double-Bit Axe
14:53 Castle Age
15:54 Wheelbarrow
15:49 Bow Saw
23:27 Heavy Plow
28:06 Scale Barding Armor
28:39 Forging
29:25 Bloodlines
29:19 Gold Mining
30:37 Hand Cart
30:08 Loom
30:10 Town Watch
33:42 Imperial Age
31:05 Town Watch
32:32 Chain Barding Armor
32:47 Iron Casting
32:31 Stone Mining
33:18 Gold Shaft Mining
32:35 Light Cavalry
33:16 Husbandry
33:57 Heavy Camel Rider
35:32 Hussar
37:00 Plate Barding Armor
40:19 Frontier Guards
AOKI_Yo
10:37 Feudal Age
14:31 Castle Age
13:26 Double-Bit Axe
13:22 Horse Collar
16:18 Bow Saw
19:06 Loom
21:51 Wheelbarrow
23:19 Heavy Plow
24:36 Hand Cart
25:10 Fletching
26:53 Forging
26:46 Bodkin Arrow
27:14 Ballistics
29:30 Imperial Age
27:05 Gold Mining
27:17 Padded Archer Armor
28:21 Elite Skirmisher
29:38 Leather Archer Armor
29:36 Town Watch
31:14 Chemistry
30:18 Bracer
30:50 Ring Archer Armor
31:47 Conscription
33:27 Forging
34:00 Scale Barding Armor
33:44 Elite Elephant Archer
35:32 Iron Casting
36:20 Chain Barding Armor
37:01 Masonry
38:17 Blast Furnace
38:11 Town Patrol
38:12 Elite Ratha (Ranged)
39:23 Paiks
39:25 Stone Mining
40:44 Bloodlines
39:55 Light Cavalry
40:35 Husbandry
41:31 Plate Barding Armor
42:12 Mahayana
AOKI_Totor
10:56 Feudal Age
14:21 Castle Age
12:30 Double-Bit Axe
12:56 Horse Collar
13:23 Gold Mining
15:21 Bow Saw
19:22 Gold Shaft Mining
23:48 Wheelbarrow
23:19 Loom
25:39 Scale Barding Armor
26:06 Forging
25:43 Light Cavalry
26:47 Bloodlines
29:26 Chain Barding Armor
33:16 Imperial Age
31:18 Husbandry
31:55 Hand Cart
34:03 Heavy Scorpion
35:49 Chemistry
34:18 Hussar
36:08 Siege Engineers
35:53 Town Watch
39:57 Plate Barding Armor
39:58 Iron Casting
42:01 Heavy Plow
42:43 Stone Mining
44:52 Double Crossbow
46:04 Conscription
Connection lost

Rejoining the realm…

Still unreachable

The connection could not be restored.

Session expired

The server has moved on; the page needs a fresh start.